 Dungeon Crawl Stone Soup version 0.23-a0-629-gae4348f (webtiles) character file.

38076 Matador8 the Covert (level 13, -9/104 HPs)
             Began as a Vampire Enchanter on Dec 25, 2018.
             Was an Elder of Kikubaaqudgha.
             Mangled by a seven-headed hydra (12 damage)
             ... on level 6 of the Lair of Beasts on Dec 26, 2018.
             The game lasted 03:30:01 (20875 turns).

Matador8 the Covert (Vampire Enchanter)            Turns: 20875, Time: 03:30:23

Health: -9/104     AC: 10    Str: 14    XL:     13   Next: 61%
Magic:  19/19      EV: 18    Int: 18    God:    Kikubaaqudgha [****..]
Gold:   895        SH:  0    Dex: 15    Spells: 7/20 levels left

rFire    . . .     SeeInvis +   T - +0 scimitar (flame)
rCold    + + +     Gourm    .   (no shield)
rNeg     + + +     Faith    .   q - +3 leather armour
rPois    ∞         Spirit   .   J - +2 hat
rElec    .         Reflect  .   v - +0 cloak
rCorr    .         Harm     .   y - +0 pair of gloves {archery}
MR       +....                  (no boots)
Stlth    +++++++...             (no amulet)
HPRegen  0.00/turn              p - +3 ring of strength
MPRegen  0.16/turn              H - ring of protection from cold

@: bloodless, non-regenerating
A: fangs 3, see invisible, unbreathing
a: Bat Form, Receive Corpses, Renounce Religion


You were on level 6 of the Lair of Beasts.
You worshipped Kikubaaqudgha.
Kikubaaqudgha was greatly pleased with you.
You were bloodless.

You visited 3 branches of the dungeon, and saw 17 of its levels.

You collected 895 gold pieces.

Inventory:

Hand Weapons
 a - a +1 rapier of draining
 b - a +2 dagger of venom
 g - the +1 falchion of a ziggurat {drain, +Rage}
   (You found it on level 3 of the Lair of Beasts)

   A truly terrible weapon, it drains the life of those it strikes.
   It lets you go berserk.
 z - a +1 great sword of flaming
 T - a +0 scimitar of flaming (weapon)
 U - a +1 scimitar of slicing
Missiles
 d - 7 steel javelins (quivered)
 V - 2 throwing nets
Armour
 q - a +3 leather armour (worn)
 r - a +0 shield
 v - a +0 cloak (worn)
 y - a +0 pair of gloves of archery (worn)
 J - a +2 hat (worn)
Magical Staves
 Z - an uncursed staff of air {unknown}
Jewellery
 p - a +3 ring of strength (left hand)
 t - an uncursed ring of resist corrosion
 H - a ring of protection from cold (right hand)
 L - an uncursed amulet of guardian spirit
Wands
 D - a wand of random effects (20)
 E - a wand of iceblast (21)
 G - a wand of digging (3)
 N - a wand of paralysis (11)
 O - a wand of flame (15)
Scrolls
 c - 7 scrolls of teleportation
 e - a scroll of vulnerability {unknown}
 f - 2 scrolls of random uselessness {unknown}
 h - 3 scrolls of immolation {unknown}
 i - 5 scrolls of identify
 k - a scroll of holy word {unknown}
 l - 3 scrolls of enchant weapon {unknown}
 m - 5 scrolls of fear
 n - 3 scrolls of magic mapping {unknown}
 u - 5 scrolls of remove curse
 C - 2 scrolls of enchant armour {unknown}
 K - 2 scrolls of amnesia {unknown}
 M - a scroll of blinking {unknown}
 S - a scroll of summoning {unknown}
 X - a scroll of fog {unknown}
Potions
 j - 3 potions of magic
 o - 3 potions of agility {unknown}
 s - 2 potions of might {unknown}
 w - 2 potions of invisibility {unknown}
 x - 5 potions of lignification
 A - 25 potions of blood
 B - 5 potions of curing
 F - 5 potions of brilliance {unknown}
 P - a potion of resistance {unknown}
 Q - a potion of mutation {unknown}
 R - 3 potions of haste {unknown}
Miscellaneous
 I - a lamp of fire


   Skills:
 - Level 10.3 Fighting
 - Level 10.2(12.4) Short Blades
 + Level 10.9(12.2) Long Blades
 - Level 9.2 Dodging
 - Level 13.0 Stealth
 - Level 4.2 Spellcasting
 - Level 10.8 Hexes
 - Level 7.2 Necromancy


You had 7 spell levels left.
You knew the following spells:

 Your Spells              Type           Power        Failure   Level  Hunger
a - Corona                Hex            #####..      1%          1    None
b - Ensorcelled Hibernat  Hex/Ice        ###...       3%          2    ##.....
c - Confuse               Hex            #####...     1%          3    ###....
d - Tukima's Dance        Hex            #####...     1%          3    ###....
e - Animate Dead          Necr           N/A          10%         4    ####...

Your spell library contained the following spells:

 Spells                   Type           Power        Failure   Level  Hunger
 Animate Skeleton         Necr           N/A          1%          1    None
 Pain                     Necr           ####         1%          1    None
 Corpse Rot               Necr           N/A          1%          2    ##.....
 Sublimation of Blood     Necr           ####......   1%          2    ##.....
 Vampiric Draining        Necr           ####......   2%          3    ###....
 Dazzling Spray           Conj/Hex       ###...       6%          3    ###....
 Regeneration             Chrm/Necr      ###.......   12%         3    ###....
 Apportation              Tloc           #.....       19%         1    None
 Magic Dart               Conj           #...         19%         1    None
 Fulminant Prism          Conj/Hex       ###.......   21%         4    ####...
 Dispel Undead            Necr           ####....     26%         5    ######.
 Searing Ray              Conj           #.....       28%         2    ##.....
 Teleport Other           Tloc           #.......     50%         3    ###....
 Borgnjor's Vile Clutch   Necr/Erth      ###.......   75%         5    ######.
 Death Channel            Necr           ####......   82%         6    #######
 Force Lance              Conj/Tloc      #.......     88%         4    ####...
 Iskenderun's Mystic Bla  Conj           #.......     88%         4    ####...
 Passage of Golubria      Tloc           N/A          88%         4    ####...
 Simulacrum               Ice/Necr       ###.......   99%         6    #######
 Iron Shot                Conj/Erth      #.........   100%        6    #######
 Statue Form              Tmut/Erth      #........    100%        6    #######


Dungeon Overview and Level Annotations

Branches:
Dungeon (10/15)            Temple (1/1) D:5            Lair (6/6) D:8
 Shoals (0/4) Lair:2        Snake (0/4) Lair:4        Slime (0/5) Lair:5
    Orc: D:9-12

Altars:
Ashenzari
Cheibriados
Dithmenos
Elyvilon
Fedhas
Gozag
Hepliaklqana
Kikubaaqudgha
Makhleb
Nemelex Xobeh
Okawaru
Qazlal
Ru
Sif Muna
Trog
Uskayaw
Vehumet
Wu Jian
Xom
Yredelemnul
Zin
The Shining One
Jiyva

Shops:
D:4 *   D:6 (   D:9 *

Annotations:
D:8 Joseph
Lair:4 exclusion: oklob plant


Innate Abilities, Weirdness & Mutations

You do not heal naturally.
You are immune to poison.
You have razor-sharp teeth.
You have supernaturally acute eyesight. (SInv)
You can survive without breathing.


Message History

Your spiny frog zombie hits the seven-headed hydra.
The seven-headed hydra bites your spiny frog zombie but does no damage.
The seven-headed hydra barely misses your spiny frog zombie.
The seven-headed hydra bites your spiny frog zombie but does no damage.
The seven-headed hydra bites your spiny frog zombie! x2
The seven-headed hydra bites your spiny frog zombie.
The seven-headed hydra bites your spiny frog zombie!
Your spiny frog zombie hits the seven-headed hydra!
The seven-headed hydra bites your spiny frog zombie.
The seven-headed hydra bites your spiny frog zombie!
Your spiny frog zombie is destroyed!
The seven-headed hydra misses you. The seven-headed hydra bites you.
* * * LOW HITPOINT WARNING * * *
The seven-headed hydra misses you. The seven-headed hydra bites you.
* * * LOW HITPOINT WARNING * * *
The seven-headed hydra bites you.
* * * LOW HITPOINT WARNING * * *
The seven-headed hydra bites you!
You die...
Kikubaaqudgha rasps: "You have failed me!
Welcome... oblivion!"

........##....# ##...
#......###...## #.....
#.PP....##..## .P....
..#....P#...## #.....
..#....##....## ####....#
####P..###..#.###.......#
####.#.†....###.....#
#...........D....#
#.....<....@.....#
##..........#..P#.#
#.##.#....###.## #
######.#### ### ###


You could see a seven-headed hydra.

Vanquished Creatures
  4 hydras
  Erolcha (D:9)
  A two-headed ogre (D:10)
  3 death yaks
  8 elephants
  3 merfolk sirens (Lair:2)
  Psyche (D:9)
  2 black mambas
  A torpor snail (Lair:2)
  7 komodo dragons
  11 spiny frogs
  A rime drake (Lair:3)
  A merfolk (Lair:2)
  2 polar bears
  25 blink frogs
  7 dream sheep
  5 hippogriffs
  2 basilisks
  2 wyverns
  29 yaks
  A steam dragon (D:4)
  8 water moccasins
  2 porcupines
  2 sky beasts
  The ghost of SaintRoka the Chopper, an amateur NaBe of Trog (D:6)
  An ogre (D:9)
  A phantom (D:9)
  2 ice beasts
  8 wolves
  3 centaurs
  8 crocodiles
  2 big kobolds (D:8)
  11 bullfrogs
  A wyvern skeleton (D:9)
  A scorpion (D:8)
  A howler monkey (D:4)
  6 crimson imps
  A bullfrog zombie (D:9)
  A quasit (D:10)
  2 centaur zombies
  2 centaur skeletons
  4 hounds
  A bullfrog skeleton (D:8)
  2 jellies (D:9)
  2 orc priests
  4 iguanas
  Ijyb (D:5)
  6 orc wizards
  10 worker ants
  A hound skeleton (D:8)
  A worker ant zombie (D:9)
  15 adders
  12 gnolls
  4 shadow imps
  3 oozes
  2 adder zombies
  An adder skeleton (D:4)
  2 worms
  2 dart slugs
  A leopard gecko (D:1)
  32 orcs
  3 giant cockroaches
  13 goblins
  4 hobgoblins
  13 jackals
  16 kobolds
  5 quokkas
  A ball python (D:5)
  A ball python skeleton (D:4)
  8 bats
  8 frilled lizards
  A jackal skeleton (D:4)
  A jackal zombie (D:5)
  8 rats
369 creatures vanquished.

Vanquished Creatures (collateral kills)
  Rupert (Lair:3)
  A hydra (Lair:3)
  Harold (Lair:1)
  Erica (Lair:1)
  4 death yaks
  2 elephants (Lair:3)
  A spiny frog (Lair:1)
  A rime drake (Lair:3)
  2 yaks (Lair:4)
  2 porcupines (Lair:4)
  2 wolves (Lair:6)
  A crocodile (Lair:4)
  A bullfrog (Lair:3)
  6 fungi
  2 plants
28 creatures vanquished.

Vanquished Creatures (others)
  4 bushes
  12 fungi
  3 plants
19 creatures vanquished.

Grand Total: 416 creatures vanquished

Notes
Turn   | Place    | Note
-------+----------+-------------------------------------------
     0 | D:1      | Matador8 the Vampire Enchanter began the quest for the Orb.
     0 | D:1      | Reached XP level 1. HP: 13/13 MP: 3/3
   138 | D:1      | Reached XP level 2. HP: 14/19 MP: 3/5
   311 | D:1      | Reached skill level 5 in Stealth
   511 | D:1      | Learned a level 2 spell: Ensorcelled Hibernation
   559 | D:1      | Reached skill level 5 in Hexes
   591 | D:1      | Reached XP level 3. HP: 24/24 MP: 6/6
   763 | D:2      | Found a hide-covered altar of Uskayaw.
   882 | D:2      | Reached XP level 4. HP: 30/30 MP: 7/7
  1107 | D:2      | Found a glowing golden altar of the Shining One.
  1204 | D:2      | Reached skill level 6 in Stealth
  1239 | D:2      | Reached XP level 5. HP: 32/35 MP: 0/8
  2113 | D:3      | Learned a level 3 spell: Confuse
  3069 | D:4      | Noticed a steam dragon
  3144 | D:4      | Reached skill level 7 in Stealth
  3144 | D:4      | Reached XP level 6. HP: 41/41 MP: 2/9
  3219 | D:4      | Found Zin's Purification Station.
  3658 | D:4      | Found an ornate altar of the Wu Jian Council.
  3701 | D:5      | Entered Level 5 of the Dungeon
  3842 | D:5      | Found a staircase to the Ecumenical Temple.
  3853 | D:5      | Noticed a sky beast
  3858 | Temple   | Entered the Ecumenical Temple
  4085 | Temple   | Became a worshipper of Kikubaaqudgha
  4279 | D:5      | Noticed Ijyb
  4311 | D:5      | Killed Ijyb
  4329 | D:5      | Noticed an ice beast
  4555 | D:5      | Killed a sky beast
  4555 | D:5      | Reached skill level 8 in Stealth
  4555 | D:5      | Reached XP level 7. HP: 46/46 MP: 7/10
  4626 | D:4      | Killed a steam dragon
  4626 | D:4      | Reached skill level 5 in Short Blades
  4646 | D:4      | Found a glowing silver altar of Zin.
  4929 | D:5      | Reached skill level 9 in Stealth
  5419 | D:6      | Reached XP level 8. HP: 52/52 MP: 11/11
  5443 | D:6      | Found Noonasm's Antique Weapon Shop.
  5555 | D:6      | Got an ancient whip
  5570 | D:6      | Reached * piety under Kikubaaqudgha
  5570 | D:6      | Identified Kikubaaqudgha's Guide on Evil (Kikubaaqudgha
                  | gifted it to you on level 6 of the Dungeon)
  5570 | D:6      | Received a gift from Kikubaaqudgha
  5839 | D:6      | Found a runed door.
  5841 | D:6      | Found an iron altar of Okawaru.
  5872 | D:6      | Noticed SaintRoka's ghost (amateur NaBe)
  5878 | D:6      | Reached skill level 10 in Stealth
  5899 | D:6      | Killed SaintRoka's ghost
  5971 | D:6      | Learned a level 3 spell: Tukima's Dance
  6615 | D:7      | Reached skill level 10 in Hexes
  6628 | D:7      | Noticed a hippogriff
  6632 | D:7      | Killed a hippogriff
  7152 | D:7      | Reached XP level 9. HP: 49/57 MP: 12/12
  7683 | D:8      | Reached ** piety under Kikubaaqudgha
  7686 | D:8      | Reached skill level 10 in Short Blades
  7814 | D:8      | Found a snail-covered altar of Cheibriados.
  7878 | D:8      | Noticed Joseph
  8147 | D:8      | Identified the Collected Works on the Voyage and Stones
  8501 | D:8      | Reached skill level 1 in Fighting
  8616 | D:8      | Found a staircase to the Lair.
  8710 | D:9      | Found a basalt altar of Yredelemnul.
  8797 | D:9      | Found Commyor's Assorted Antiques.
  8825 | D:9      | Noticed Erolcha
  8958 | D:9      | Noticed Psyche
  8984 | D:9      | Killed Psyche
  8984 | D:9      | Reached *** piety under Kikubaaqudgha
  8984 | D:9      | Identified Kikubaaqudgha's Guide on Necromancy
                  | (Kikubaaqudgha gifted it to you on level 9 of the Dungeon)
  8984 | D:9      | Received a gift from Kikubaaqudgha
  9009 | D:9      | Reached XP level 10. HP: 43/70 MP: 14/16
  9242 | D:9      | Reached skill level 1 in Necromancy
  9572 | D:9      | Killed Erolcha
  9572 | D:9      | Reached skill level 5 in Fighting
  9636 | D:10     | Entered Level 10 of the Dungeon
  9654 | D:10     | Noticed a two-headed ogre
  9674 | D:10     | Killed a two-headed ogre
  9674 | D:10     | Reached skill level 5 in Necromancy
  9876 | D:10     | Noticed a gargoyle
  9936 | D:10     | Noticed an unseen horror
 10094 | Lair:1   | Entered Level 1 of the Lair of Beasts
 10330 | D:8      | HP: 3/76 [blink frog (16)]
 10577 | Lair:1   | Noticed Erica
 10607 | Lair:1   | Noticed Harold
 10627 | Lair:1   | Learned a level 4 spell: Animate Dead
 10645 | Lair:1   | Killed Erica
 10665 | Lair:1   | Noticed a spiny frog
 10678 | Lair:1   | Killed Harold
 10678 | Lair:1   | Reached XP level 11. HP: 27/83 MP: 7/17
 12191 | Lair:2   | Noticed a death yak
 12191 | Lair:2   | Noticed a death yak
 12321 | Lair:2   | Noticed a death yak
 12323 | Lair:2   | Noticed a death yak
 13020 | Lair:1   | Killed a death yak
 13136 | Lair:1   | Killed a death yak
 13214 | Lair:1   | Killed a death yak
 13214 | Lair:1   | Reached skill level 5 in Dodging
 13221 | Lair:1   | Killed a death yak
 14677 | Lair:2   | Found a staircase to the Shoals.
 15064 | Lair:2   | Reached XP level 12. HP: 70/96 MP: 16/18
 15474 | Lair:3   | Reached skill level 10 in Fighting
 16147 | Lair:3   | Reached skill level 1 in Long Blades
 16208 | Lair:3   | Got a pitted falchion
 16209 | Lair:3   | Identified the cursed +1 falchion of a ziggurat {drain,
                  | +Rage} (You found it on level 3 of the Lair of Beasts)
 16408 | Lair:3   | Noticed an anaconda
 16435 | Lair:3   | Reached skill level 11 in Stealth
 16607 | Lair:3   | Noticed a seven-headed hydra
 16674 | Lair:3   | Killed a four-headed hydra
 17032 | Lair:3   | Noticed a death yak
 17033 | Lair:3   | Noticed a death yak
 17033 | Lair:3   | Noticed a death yak
 17033 | Lair:3   | Noticed a death yak
 17046 | Lair:3   | Noticed a death yak
 17048 | Lair:3   | Killed a death yak
 17048 | Lair:3   | Reached skill level 12 in Stealth
 17059 | Lair:3   | Noticed Rupert
 17443 | Lair:3   | Killed Rupert
 17487 | Lair:3   | Killed a death yak
 17487 | Lair:3   | Reached skill level 5 in Long Blades
 17488 | Lair:3   | Killed a death yak
 17993 | Lair:4   | Reached skill level 13 in Stealth
 18192 | Lair:4   | Reached XP level 13. HP: 63/104 MP: 4/19
 19089 | Lair:4   | Found a staircase to the Snake Pit.
 19281 | Lair:5   | Found a viscous altar of Jiyva.
 19281 | Lair:5   | Found a staircase to the Slime Pits.
 19618 | Lair:5   | Reached **** piety under Kikubaaqudgha
 20280 | Lair:6   | Entered Level 6 of the Lair of Beasts
 20457 | Lair:6   | Reached skill level 10 in Long Blades
 20875 | Lair:6   | HP: 5/104 [seven-headed hydra (5)]
 20875 | Lair:6   | Mangled by a seven-headed hydra

Vault maps used:
D:1:      scummos_arrival_forest
D:2:      tso_oasis_becter, old_standard_altar, mrwooster_statue_mirror,
          minmay_3d_cube
D:4:      zin_purify, kennysheep_mini_moat, first_ration, gup_sewer_entry_glass
D:5:      minmay_temple_entry_slanted, saegor_snake_ambush, uniq_ijyb
D:6:      ebering_ghost_sewer_d, serial_shops, nicolae_shop_waterfront,
          okawaru_trees_2
D:8:      lair_entry_dummy, blue_anna_alchemist, cheibriados_altar_1,
          uniq_joseph
D:9:      lemuel_crystal_altar, serial_shops, nicolae_shop_crystal,
          serial_park_tiny_pond, chequers_avenue, uniq_erolcha, uniq_psyche
D:10:     kennysheep_boxes, uniq_maurice, uniq_urug
Temple:   minmay_crystal_spiral_temple
Lair:1:   gauntlet_entry_generic, eino_small_chamber_without_monster,
          chequers_serial_rivers_small_a, grunt_megastairs_5, uniq_harold,
          uniq_erica
Lair:2:   elwin_shoals_entry_stream, serial_bayou_shore_b
Lair:3:   minmay_shattered_shrine, grunt_megastairs_3, uniq_rupert
Lair:4:   dummy_snake_entry, minmay_lair_oklob_bushes, minivault_23,
          minivault_23, grunt_megastairs_4
Lair:5:   slime_altar_1, hibernation_bobbens, grunt_megastairs_1,
          serial_bayou_shore_b
Lair:6:   wormcave, grunt_megastairs_2

Skill      XL: |  1  2  3  4  5  6  7  8  9 10 11 12 13 |
---------------+----------------------------------------+-----
Stealth        | 5 6 7 8 9 10 13 | 13.0
Short Blades   | 2 3 4 5 7 10 | 10.2
Hexes          | 5 6 7 8 10 | 10.8
Fighting       | 3 6 9 10 | 10.3
Spellcasting   | 4 |  4.2
Necromancy     | 6 7 |  7.2
Dodging        | 7 9 |  9.2
Long Blades    | 6 10 | 10.9

Action                   |  1- 3 |  4- 6 |  7- 9 | 10-12 | 13-15 || total
-------------------------+-------+-------+-------+-------+-------++-------
Melee: Dagger            |    26 |   102 |    49 |       |       ||   177
       Bite              |     4 |    21 |    43 |    90 |    23 ||   181
       Short sword       |    61 |   169 |       |       |       ||   230
       Rapier            |       |       |   301 |   751 |   217 ||  1269
       Scimitar          |       |       |       |     5 |    16 ||    21
 Cast: Corona            |    23 |    34 |     3 |     9 |     3 ||    72
       Ensorcelled Hiber |     2 |    23 |     3 |     5 |       ||    33
       Confuse           |       |     8 |    19 |    50 |    19 ||    96
       Animate Dead      |       |       |       |    21 |     9 ||    30
Invok: Receive Corpses   |       |       |       |    17 |       ||    17
 Abil: Bat Form          |       |     2 |     1 |     3 |       ||     6
       End Transformatio |       |     1 |       |     3 |       ||     4
  Use: Potion            |       |    10 |     9 |    27 |     1 ||    47
       Scroll            |       |     2 |     9 |     5 |       ||    16
 Stab: Sleeping          |     9 |    18 |    18 |    21 |    21 ||    87
       Distracted        |     1 |       |     1 |     6 |     1 ||     9
       Confused          |       |     3 |     8 |    26 |    12 ||    49
  Eat: Corpse            |     6 |     2 |     6 |     8 |     1 ||    23
Armor: Robe              |    20 |    49 |       |       |       ||    69
       Leather armour    |       |    35 |   100 |   149 |    50 ||   334
Dodge: Dodged            |    64 |   163 |   166 |   387 |   148 ||   928
       Rpst.: Scimitar   |       |       |       |       |     5 ||     5

Table legend:
 A = Non-vault XP
 B = Vault XP
 C = Vault XP percentage of total XP
 D = Non-vault monster count
 E = Vault monster count
 F = Vault count percentage of total count
                 A         B        C        D         E       F
            +---------+---------+-------+---------+---------+-------
      Total |   41674 |   12721 |  23.4 |     350 |      39 |  10.0
            +---------+---------+-------+---------+---------+-------
        D:1 |      58 |       0 |   0.0 |      26 |       0 |   0.0
        D:2 |     168 |       2 |   1.2 |      34 |       1 |   2.9
        D:3 |      69 |       0 |   0.0 |      18 |       0 |   0.0
        D:4 |     374 |       0 |   0.0 |      22 |       0 |   0.0
        D:5 |     677 |      47 |   6.5 |      26 |       3 |  10.3
        D:6 |     390 |     230 |  37.1 |       9 |       3 |  25.0
        D:7 |    1499 |       0 |   0.0 |      19 |       0 |   0.0
        D:8 |    1495 |     100 |   6.3 |      33 |       1 |   2.9
        D:9 |    1853 |    1412 |  43.2 |      33 |       2 |   5.7
       D:10 |    1164 |       0 |   0.0 |       7 |       0 |   0.0
     Lair:1 |    5095 |    1495 |  22.7 |      17 |       4 |  19.0
     Lair:2 |    8035 |    1710 |  17.5 |      28 |       4 |  12.5
     Lair:3 |    4050 |    5550 |  57.8 |      15 |      10 |  40.0
     Lair:4 |    6738 |     277 |   3.9 |      30 |       2 |   6.2
     Lair:5 |    4715 |    1787 |  27.5 |      13 |       8 |  38.1
     Lair:6 |    5294 |     111 |   2.1 |      20 |       1 |   4.8
            +---------+---------+-------+---------+---------+-------
